 Dungeon Crawl Stone Soup version 0.28.0-53-g5a82cb258f (webtiles) character file.

Game seed: 2272902285684288225

140 mortz the Sneak (level 5, -3/28 HPs)
             Began as a Kobold Conjurer on Aug 18, 2022.
             Was an Initiate of Hepliaklqana.
             Slain by Terence
             ... wielding a +6 falchion of flaming
              (14 damage)
             ... on level 3 of the Dungeon.
             The game lasted 00:11:44 (2661 turns).

mortz the Sneak (Kobold Conjurer)                   Turns: 2661, Time: 00:11:45

Health: -3/28      AC:  2    Str:  4    XL:     5   Next: 46%
Magic:  8/8        EV: 15    Int: 19    God:    Hepliaklqana [......]
Gold:   41         SH:  0    Dex: 16    Spells: 2/9 levels left

rFire   . . .      SeeInvis .   b - +0 rapier {short}
rCold   + . .      Faith    .   (no shield)
rNeg    . . .      Spirit   .   a - +0 robe
rPois   .          Reflect  .   (no helmet)
rElec   .          Harm     .   (no cloak)
rCorr   .          Rampage  .   (no gloves)
Will    .....                   (no boots)
Stlth   ++++......              (no amulet)
HPRegen 0.09/turn               h - ring of protection from cold
MPRegen 0.11/turn               (no ring)

@: no status effects
A: small, no large weapons, nightstalker 3
a: Renounce Religion


You were on level 3 of the Dungeon.
You worshipped Hepliaklqana.
Hepliaklqana was noncommittal.
You visited 1 branch of the dungeon, and saw 3 of its levels.

You collected 41 gold pieces.


Innate Abilities, Weirdness & Mutations

You are small and have problems with some larger weapons.
You are completely attuned to the shadows.


   Skills:
 + Level 0.6 Short Blades
 + Level 2.6 Dodging
 * Level 6.3 Stealth
 + Level 2.6 Spellcasting
 + Level 4.4 Conjurations


You had 2 spell levels left.
You knew the following spells:

 Your Spells              Type           Power      Damage    Failure   Level
a - Magic Dart            Conj           76%        1d6       2%          1
b - Searing Ray           Conj           38%        2d5       3%          2
c - Iskenderun's Mystic   Conj/Tloc      10%        2d4       54%         4

Your spell library contained the following spells:

 Spells                   Type           Power      Damage    Failure   Level
 Corpse Rot               Necr/Air       4%         N/A       24%         2
 Poisonous Vapours        Pois/Air       4%         N/A       24%         2
 Dazzling Flash           Conj/Hex       20%        N/A       19%         3
 Fulminant Prism          Conj/Hex       5%         3d7       54%         4

Inventory:

Hand Weapons
 b - a +0 rapier (weapon) {short}
   (You found it on level 1 of the Dungeon)
 k - a +2 whip of electrocution {mace}
   (You took it off a kobold on level 2 of the Dungeon)
Missiles
 c - 3 stones {throwing}
 g - 3 poisoned darts {throwing}
Armour
 a - a +0 robe (worn)
 m - a +0 ring mail
   (You took it off a hobgoblin on level 2 of the Dungeon)
 n - a +0 leather armour
   (You found it on level 2 of the Dungeon)
Magical Staves
 d - a staff of earth {!astaff}
   (You found it on level 2 of the Dungeon)
Jewellery
 h - a ring of protection from cold (left hand)
   (You found it on level 1 of the Dungeon)
Wands
 j - a wand of polymorph (11)
   (You found it on level 3 of the Dungeon)
Scrolls
 i - a scroll of fear {unknown}
 l - a scroll of teleportation {unknown}
Potions
 e - a potion of heal wounds {@q2}
 f - a potion of flight {unknown}
 o - a potion of ambrosia {unknown}

Dungeon Overview and Level Annotations

Branches:
Dungeon (3/15)

Altars:
Hepliaklqana

Annotations:
D:3 Terence

.........#...##.....#
.........#...........
......####...###'###.
......# #...# #.# ......
###.# #.# ......
#.###.###### ......
#.#...#.>..# .....
###.#.###.#.## .....
.......@@.########## .....
...................####
.....
.....##.....>.........##
.###.
.....##.#..........##.#.
.#
.................#.##.#.
.. .........####.....#....
...............####..#.
............####.#.......
..................#.######


You could see Terence.


Message History

You kill the gnoll!
Your Stealth skill increases to level 6! 😎 MP[-1]
You lost 1 mp, and now have 5/8 mp.
You see here a rat corpse. 😎 MP[+1] 😎 MP[+1] 😎 MP[+1]
Your mp is fully restored (8).
The searing ray misses the gnoll. (Press . to maintain the ray.) 😎 MP[-2]
You lost 2 mp, and now have 6/8 mp.
The searing ray hits the gnoll.
The gnoll hits you from afar with a +0 spear! 😮 HP[-7] MP[-1]
You take 7 damage, and now have 21/28 hp.
MASSIVE DAMAGE!! (PAUSE)
You lost 1 mp, and now have 5/8 mp.
You are too injured to fight recklessly!
Restarting spell: Searing Ray (safe; 4% risk of failure)
Press: ? - help, Q - select action, (/) - cycle Shift-Dir - straight line, f/p - gnoll
Aim: a gnoll, wielding a +0 spear (heavily wounded, 81% to hit)
The searing ray hits the gnoll but does no damage. (Press . to maintain the ray.)
The gnoll hits you from afar with a +0 spear. 😮 HP[-1] MP[-2]
You take 1 damage, and now have 20/28 hp.
You lost 2 mp, and now have 3/8 mp.
The searing ray misses the gnoll.
The gnoll misses you. 😮 MP[-1]
You lost 1 mp, and now have 2/8 mp.
The searing ray hits the gnoll.
You kill the gnoll! 😮 HP[+1] MP[-1]
You lost 1 mp, and now have 1/8 mp.
An adder comes into view. 😎 HP[+7] MP[+7]
Your hp is fully restored (28).
Your mp is fully restored (8).
The searing ray hits the adder.
The adder hisses angrily. (Press . to maintain the ray.) 😎 MP[-2]
You lost 2 mp, and now have 6/8 mp.
The searing ray hits the adder!
The adder closely misses you. 😎 MP[-1]
You lost 1 mp, and now have 5/8 mp.
The searing ray misses the adder.
The adder closely misses you. 😎 MP[-1]
You lost 1 mp, and now have 4/8 mp.
The searing ray hits the adder!
You kill the adder!
You finish channelling your searing ray. 😎 MP[-1]
You lost 1 mp, and now have 3/8 mp.
i - a scroll labelled OWAIDAUMIY
Things that are here:
a +0 flail {mace}; a throwing net {=f!fthrowing} 😎 MP[+5]
Your mp is fully restored (8).
You open the door.
There is an open door here.
Found a stone staircase leading down.
Found an escape hatch in the floor.
j - a wand of polymorph (11)
o - a sedimented ruby potion A ball python comes into view.
The helpless ball python fails to defend itself.
You puncture the ball python!
You kill the ball python!
An adder comes into view.
The adder moves out of view.
A rat comes into view.
The rat closely misses you.
You barely miss the rat. The rat closely misses you.
The searing ray hits the rat.
You kill the rat! (Press . to maintain the ray.) 😎 MP[-2]
You lost 2 mp, and now have 6/8 mp.
Terence the Incautious comes into view.
He is wielding a +6 falchion of flaming. 😎 MP[+2]
Your mp is fully restored (8).
The helpless Terence fails to defend himself.
You puncture Terence!
Terence hits you with a +6 falchion of flaming!
Ouch! That really hurt!
* * * LOW HITPOINT WARNING * * *
Terence burns you.
* * * LOW HITPOINT WARNING * * *
😨 HP[-19]
You take 19 damage, and now have 9/28 hp.
MASSIVE DAMAGE!! (PAUSE) 😨 HP[+1] Terence screams, "I'm going to kill you!" 😨 HP[+1] Terence asks, "Do you want it fast or slow?"
Terence hits you with a +6 falchion of flaming!
Ouch! That really hurt!
You die...

Skill      XL: |  1  2  3  4  5 |
---------------+----------------+-----
Stealth        | 3 4 5 6 |  6.3
Short Blades   | |  0.6
Dodging        | |  2.6
Spellcasting   | |  2.6
Conjurations   | |  4.4

Action                   |  1- 3 |  4- 6 || total
-------------------------+-------+-------++-------
Melee: Rapier            |    23 |    20 ||    43
 Cast: Magic Dart        |     6 |     1 ||     7
       Searing Ray       |     9 |    14 ||    23
  Use: Scroll            |     1 |     3 ||     4
 Stab: Sleeping          |    19 |    12 ||    31
Armor: Robe              |       |     6 ||     6
Dodge: Dodged            |    25 |    17 ||    42

Levels and vault maps discovered:
D:1:      ldierk_walled_garden_2, layout_basic,
          chequers_ecumenical_altar_twisty, serial_bayou_pond_b, minmay_unequal
D:2:      layout_loops_ring, basic_altar, hangedman_abyss_or_decor_stabs,
          dk_noncrumbling_3, minmay_indecisive_spiral
D:3:      layout_basic, minmay_rat_hole, uniq_sigmund, uniq_crazy_yiuf_cottage,
          uniq_terence

Notes
Turn   | Place    | Note
-------+----------+-------------------------------------------
     0 | D:1      | mortz the Kobold Conjurer began the quest for the Orb.
     0 | D:1      | Reached XP level 1. HP: 10/10 MP: 3/3
     0 | D:1      | magus.rc [v1.9.6]
   150 | D:1      | Reached skill level 3 in Stealth
   150 | D:1      | Reached XP level 2. HP: 15/15 MP: 5/5
   156 | D:1      | Learned a level 2 spell: Searing Ray
   297 | D:1      | Reached XP level 3. HP: 19/19 MP: 3/6
   420 | D:1      | magus.rc [v1.9.6]
   484 | D:1      | You pick up a book of Vapours and begin reading...
   484 | D:1      | You add the spells Poisonous Vapours and Corpse Rot to your
                  | library.
   929 | D:1      | Found a faded altar of an unknown god.
  1046 | D:2      | Reached skill level 4 in Stealth
  1251 | D:2      | Reached XP level 4. HP: 24/24 MP: 7/7
  1303 | D:2      | Learned a level 4 spell: Iskenderun's Mystic Blast
  1435 | D:2      | Reached skill level 5 in Stealth
  1982 | D:2      | Found a hazy altar of Hepliaklqana.
  1987 | D:2      | Became a worshipper of Hepliaklqana the Forgotten
  2121 | D:3      | Reached XP level 5. HP: 28/28 MP: 3/8
  2309 | D:3      | Reached skill level 6 in Stealth
  2636 | D:3      | Noticed Terence
  2661 | D:3      | Slain by Terence

Vanquished Creatures
  5 adders
  2 gnolls (D:3)
  A worm (D:2)
  9 bats
  4 endoplasms
  3 goblins
  3 hobgoblins
  8 jackals (D:1)
  4 quokkas
  9 ball pythons
  2 frilled lizards
  7 kobolds
  23 rats
80 creatures vanquished.

Vanquished Creatures (others)
  4 toadstools (D:1)
4 creatures vanquished.

Grand Total: 84 creatures vanquished

Table legend:
 A = Non-vault XP
 B = Vault XP
 C = Vault XP percentage of total XP
 D = Non-vault monster count
 E = Vault monster count
 F = Vault count percentage of total count
                 A         B        C        D         E       F
            +---------+---------+-------+---------+---------+-------
      Total |     169 |      31 |  15.5 |      54 |      26 |  32.5
            +---------+---------+-------+---------+---------+-------
        D:1 |      43 |       5 |  10.4 |      28 |       3 |   9.7
        D:2 |      76 |       8 |   9.5 |      17 |       6 |  26.1
        D:3 |      50 |      18 |  26.5 |       9 |      17 |  65.4
            +---------+---------+-------+---------+---------+-------

Illustrated notes

Table legend:
 A = Kills in this place as a percentage of kills in entire the game.
 B = Kills by you in this place as a percentage of kills by you in the entire game.
 C = Kills by friends in this place as a percentage of kills by friends in the entire game.
 D = Other kills in this place as a percentage of other kills in the entire game.
 E = Experience gained in this place as a percentage of experience gained in the entire game.
 F = Experience gained in this place divided by the number of levels of this place that you have seen.
                   A       B       C       D       E      F
               +-------+-------+-------+-------+-------+----------------------
         Total | 100.0 | 100.0 |   N/A |   N/A | 100.0 |  66.7
       Dungeon | 100.0 | 100.0 |   N/A |   N/A | 100.0 |  66.7
               +-------+-------+-------+-------+-------+----------------------

Table legend: (Time is in decaauts)
 A = Elapsed time spent in this place.
 B = Non-inter-level travel time spent in this place.
 C = Inter-level travel time spent in this place.
 D = Time resting spent in this place.
 E = Time spent auto-exploring this place.
 F = Levels seen in this place.
 G = Mean time per level.
                   A        B        C        D        E       F      G
               +--------+--------+--------+--------+--------+-----+--------+
         Total |   2677 |   2623 |     54 |      0 |   2154 |   3 |  892.3 |
       Dungeon |   2677 |   2623 |     54 |      0 |   2154 |   3 |  892.3 |
               +--------+--------+--------+--------+--------+-----+--------+

Top non-repeatable levels by time:
     D:2: 1160 daAuts
     D:1: 1038 daAuts
     D:3: 479 daAuts
